 Dungeon Crawl Stone Soup version 0.20-a0-1121-gbb42413 (webtiles) character file.

130 theAP the Cudgeler (level 5, -4/49 HPs)
             Began as a Gargoyle Fighter on May 10, 2017.
             Slain by Paps's ghost (10 damage)
             ... on level 3 of the Dungeon.
             The game lasted 00:03:36 (1923 turns).

theAP the Cudgeler (Gargoyle Fighter)               Turns: 1923, Time: 00:03:37

Health: -4/49      AC: 22    Str: 26    XL:     5   Next: 13%
Magic:  5/5        EV:  2    Int: 15    God:
Gold:   243        SH: 10    Dex: 16    Spells: 4/4 levels left

rFire    . . .     SeeInvis .   a - +0 flail
rCold    . . .     Gourm    .   c - +0 shield
rNeg     + + +     Faith    .   (armour currently unavailable)
rPois    ∞         Spirit   .   (helmet currently unavailable)
rElec    .         Reflect  .   (cloak currently unavailable)
rCorr    +         Harm     .   (gloves currently unavailable)
MR       .....     NoTele   +   (boots currently unavailable)
Stlth    ++........             q - amulet of rage
Regen    0.2/turn               u - ring of resist corrosion
MPRegen  0.1/turn               (no ring)

@: mighty, brilliant, agile, tree-form
A: agile 1, clever 1, negative energy resistance 1, petrification resistance,
rot immunity, AC +4
a: Evoke Berserk Rage


You were on level 3 of the Dungeon.
You were hungry.
You were a tree.
You visited 1 branch of the dungeon, and saw 3 of its levels.

You collected 243 gold pieces.

Inventory:

Hand Weapons
 a - a +0 flail (weapon)
Armour
 b - a +0 scale mail
 c - a +0 shield (worn)
 i - a +0 pair of boots (melded)
 s - a cursed +0 plate armour (melded)
Jewellery
 q - an amulet of rage (around neck)
 u - a ring of resist corrosion (left branch)
Scrolls
 g - 4 scrolls of recharging {unknown}
 j - 2 scrolls of teleportation {unknown}
 k - a scroll of remove curse {unknown}
 m - 3 scrolls of identify {unknown}
 r - a scroll of fear {unknown}
 t - 3 scrolls of magic mapping {unknown}
Potions
 d - a potion of might
 l - 2 potions of agility
 o - a potion of haste {unknown}
 p - a potion of mutation
Comestibles
 f - 4 bread rations


   Skills:
 + Level 4.2 Fighting
 * Level 4.4 Maces & Flails
 - Level 3.2 Armour
 - Level 3.2 Shields


You had 4 spell levels left.
You didn't know any spells.

Dungeon Overview and Level Annotations

Branches:
Dungeon (3/15)

Altars:

Annotations:
D:3 Paps's ghost, amateur TrFi


Innate Abilities, Weirdness & Mutations

You are resistant to torment.
((Your stone body is resilient. (AC +4)))
You are immune to poison.
You resist negative energy. (rN+)
((You are resistant to electric shocks. (rElec)))
((You can survive without breathing.))
You are immune to petrification.
You are immune to rotting.
((Your large and strong wings let you fly indefinitely.))
((You have a beak for a mouth.))
You are agile. (Dex +2)
Your mind is acute. (Int +2)


Message History

Paps's ghost barely misses you.
It was a potion of curing.
You feel better.
Paps's ghost hits you but does no damage.
You feel better. Paps's ghost hits you.
You closely miss Paps's ghost.
Paps's ghost is heavily damaged.
Paps's ghost hits you!
* * * LOW HITPOINT WARNING * * *
It was a potion of mutation.
You feel extremely strange.
Your mouth lengthens and hardens into a beak!
Your wings grow larger and stronger.
You feel clever.
You feel agile. You block Paps's ghost's attack.
It was a potion of brilliance.
You feel clever all of a sudden.
Paps's ghost hits you but does no damage.
It was a potion of lignification.
You turn into a tree.
Your +0 pair of boots melds into your body.
Your cursed +0 plate armour melds into your body.
Your roots penetrate the ground.
Paps's ghost hits you!
You die...

#.........+.........'.........
#.##...####.........###....###
# #...# ##.......## #.#.##
#...######.....## #.# ####
#........##...## #.###...
##...####.###+# #.....#.
#.....# #.# #.# #########...
#.#.#...###.###.###...# ##.#
#......)....W♣.....>#.# #.#
###.#....†..##...##...# #.#
#.#..<....#.....##.## #.#
#.##......##...###.#######.#
#. #.....####.## #.........#
....#### ### ###########
######


You could see Paps's ghost.

Vanquished Creatures
  Terence (D:2)
  3 gnolls (D:2)
  2 adders (D:2)
  A worm (D:2)
  3 dart slugs (D:1)
  4 leopard geckos
  A ball python (D:2)
  6 bats
  2 giant cockroaches
  2 goblins (D:2)
  6 hobgoblins
  3 frilled lizards
  11 kobolds
  2 rats (D:1)
  2 fungi (D:2)
49 creatures vanquished.

Notes
Turn   | Place    | Note
-------+----------+-------------------------------------------
     0 | D:1      | theAP the Gargoyle Fighter began the quest for the Orb.
     0 | D:1      | Reached XP level 1. HP: 14/14 MP: 1/1
    89 | D:1      | Reached XP level 2. HP: 19/19 MP: 2/2
   484 | D:1      | Reached XP level 3. HP: 21/24 MP: 3/3
   818 | D:2      | Noticed Terence
   836 | D:2      | Killed Terence
   836 | D:2      | Reached XP level 4. HP: 25/29 MP: 4/4
  1441 | D:2      | Reached XP level 5. HP: 21/33 MP: 5/5
  1899 | D:3      | Noticed Paps's ghost (amateur TrFi)
  1921 | D:3      | Gained mutation: You have a beak for a mouth. [potion of mutation]
  1921 | D:3      | Gained mutation: Your large and strong wings let you fly indefinitely. [potion of mutation]
  1921 | D:3      | Gained mutation: Your mind is acute. (Int +2) [potion of mutation]
  1921 | D:3      | Gained mutation: You are agile. (Dex +2) [potion of mutation]
  1923 | D:3      | Slain by Paps's ghost

Vault maps used:
D:1:      dpeg_arrival_rhombus, minmay_pentomino_w2
D:2:      first_bread, minmay_gold_behind_fungi, uniq_terence
D:3:      uniq_natasha

Skill      XL: |  1  2  3  4 |
---------------+-------------+-----
Maces & Flails | 3 4 |  4.4
Fighting       | 4 |  4.2
Armour         | |  3.2
Shields        | |  3.2

Action                   |  1- 3 |  4- 6 || total
-------------------------+-------+-------++-------
Melee: Flail             |    96 |   153 ||   249
  Use: Potion            |       |     7 ||     7
  Eat: Chunk             |       |     3 ||     3
Armor: Scale mail        |    56 |    71 ||   127
       Plate armour      |       |    27 ||    27
Dodge: Dodged            |    29 |    44 ||    73
Block: Shield            |    53 |    79 ||   132
